AoeStats
← anthony008

Nomad

509341085Analyzed
2v2 RM · 6d ago on Sep 26, 2026· 97m 47s· 4 players
Game mode
Random Map
Map size
176×176
Population
200
Speed
Normal
Resources
Standard
Victory
Conquest
Starting age
Dark Age
Ending age
Imperial Age
RankedLock teamsTeams togetherTeam positionsShared explorationLock speedFull tech treeHidden civsTurbo modeCheats
Victory
Defeat
🇮🇳 Vikings · India
482
+15
🇮🇳 Burmese · India
401
+18
🇫🇷 Bengalis · France
515
-19
🇦🇷 Spanish · Argentina
398
-14
karthiksandy19
17:01 Feudal Age
18:26 Wheelbarrow
20:48 Forging
20:39 Scale Mail Armor
20:30 Fletching
20:41 Padded Archer Armor
20:05 Man-at-Arms
23:58 Arson
31:33 Castle Age
32:53 Hand Cart
35:51 Iron Casting
36:20 Scale Barding Armor
36:02 Pikeman
37:56 Horse Collar
38:38 Squires
39:00 Chain Mail Armor
39:19 Heavy Plow
44:05 Bodkin Arrow
44:31 Chain Barding Armor
46:06 Manipur Cavalry
49:04 Imperial Age
50:44 Bracer
51:45 Blast Furnace
51:23 Plate Barding Armor
50:12 Halberdier
51:52 Cavalier
52:34 Husbandry
58:54 Elite Arambai
59:42 Elite Arambai
62:52 Plate Mail Armor
62:39 Bloodlines
84:09 Elite Skirmisher
sikderindrojit7
3:22 Loom
14:11 Feudal Age
18:52 Man-at-Arms
25:38 Castle Age
23:35 Gold Mining
23:36 Stone Mining
24:40 Double-Bit Axe
32:03 Light Cavalry
33:20 Long Swordsman
38:05 Pikeman
50:09 Bow Saw
57:19 Imperial Age
57:25 Capped Ram
58:44 Elite Skirmisher
60:47 Fishing Lines
62:02 Ballistics
61:33 Heated Shot
64:11 Siege Ram
68:28 Cavalier
69:23 Elite Berserk
74:50 Padded Archer Armor
74:56 Scale Barding Armor
74:42 Fletching
82:42 Medium Warships
86:03 Leather Archer Armor
85:43 Bodkin Arrow
86:09 Chain Barding Armor
86:17 Elite Varangian Guard
87:06 Squires
88:10 Onager
91:01 Gold Shaft Mining
93:16 Ring Archer Armor
92:48 Bracer
94:01 Chemistry
93:11 Siphons
94:38 Chieftains
94:40 Treadmill Crane
95:06 Siege Engineers
anthony008
5:34 Loom
5:39 Loom
18:19 Feudal Age
20:49 Wheelbarrow
20:03 Double-Bit Axe
20:13 Gold Mining
20:14 Stone Mining
20:14 Horse Collar
20:23 Town Watch
20:28 Fishing Lines
25:38 Man-at-Arms
26:04 Arson
29:06 Castle Age
27:36 Forging
27:26 Scale Mail Armor
27:31 Padded Archer Armor
27:36 Scale Barding Armor
28:56 Fletching
29:51 Long Swordsman
31:36 Hand Cart
31:41 Bow Saw
32:12 Gold Shaft Mining
31:48 Heavy Plow
31:16 Pikeman
32:09 Squires
35:21 Gillnets
35:50 Medium Warships
40:56 Town Patrol
48:16 Imperial Age
45:57 Paiks
47:27 Masonry
47:39 Ballistics
48:52 Heated Shot
49:11 Siphons
50:02 Heavy Warships
50:56 Conscription
51:42 Two-Man Saw
50:53 Elite Ratha (Ranged)
55:59 Chain Barding Armor
55:55 Leather Archer Armor
55:36 Bodkin Arrow
56:18 Iron Casting
55:58 Chain Mail Armor
59:18 Mahayana
60:45 Plate Barding Armor
60:40 Ring Archer Armor
60:11 Bracer
61:12 Blast Furnace
62:30 Demolition Ship
65:07 Chemistry
64:29 Shipwright
64:20 Clinker Construction
64:21 Careening
64:17 Siege Engineers
64:42 Architecture
63:59 Arrowslits
64:14 Murder Holes
75:02 Elite Cannon Galleon
84:39 Guilds
castilla_602
14:24 Feudal Age
16:15 Man-at-Arms
20:42 Double-Bit Axe
23:20 Forging
26:08 Castle Age
25:39 Gold Mining
25:56 Scale Barding Armor
26:38 Stone Mining
28:16 Husbandry
28:39 Chain Barding Armor
28:55 Iron Casting
33:38 Bow Saw
35:06 Wheelbarrow
34:36 Scale Mail Armor
37:00 Hand Cart
43:37 Imperial Age
41:23 Long Swordsman
Connection lost

Rejoining the realm…

Still unreachable

The connection could not be restored.

Session expired

The server has moved on; the page needs a fresh start.